 Dungeon Crawl Stone Soup version 0.22-a0-456-g11ed031 (webtiles) character file.

1948 CanOfBees the Gusty (level 9, -1/56 HPs)
             Began as a Tengu Air Elementalist on June 8, 2018.
             Was a Believer of Vehumet.
             Slain by an unseen horror (4 damage)
             ... on level 7 of the Dungeon.
             The game lasted 00:26:44 (11271 turns).

CanOfBees the Gusty (Tengu Air Elementalist)       Turns: 11271, Time: 00:26:44

Health: -1/56      AC:  4    Str:  9    XL:     9   Next: 18%
Magic:  10/17      EV: 13    Int: 18    God:    Vehumet [**....]
Gold:   435        SH:  5    Dex: 15    Spells: 7/18 levels left

rFire    . . .     SeeInvis .   a - +0 long sword
rCold    . . .     Gourm    .   u - +0 buckler
rNeg     . . .     Faith    .   j - +0 robe
rPois    .         Spirit   .   (helmet restricted)
rElec    .         Reflect  .   (no cloak)
rCorr    .         Harm     .   l - +1 pair of gloves
MR       .....                  (boots unavailable)
Stlth    +++.......             (no amulet)
HPRegen  0.18/turn              k - ring of stealth
MPRegen  0.15/turn              (no ring)

@: no status effects
A: beak, talons 3, able to fly 1
a: Fly, Renounce Religion


You were on level 7 of the Dungeon.
You worshipped Vehumet.
Vehumet was pleased with you.
You were not hungry.

You visited 1 branch of the dungeon, and saw 7 of its levels.
You also visited: Sewer.

You collected 435 gold pieces.

Inventory:

Hand Weapons
 a - a +0 long sword (weapon)
 b - a +0 trident
 n - a +0 short sword
Missiles
 d - 4 javelins (quivered)
Armour
 j - a +0 robe (worn)
 l - a +1 pair of gloves (worn)
 u - a +0 buckler (worn)
 x - a +1 leather armour of fire resistance
Jewellery
 k - a ring of stealth (left hand)
 p - an uncursed ring of fire
 y - an uncursed ring of ice
Scrolls
 f - a scroll of magic mapping {unknown}
 h - 4 scrolls of remove curse
 i - 2 scrolls of amnesia
 o - 6 scrolls of teleportation
 v - 2 scrolls of identify
Potions
 e - a potion of might
 g - 5 potions of haste
 m - a potion of agility
 q - a potion of flight
 s - a potion of curing
 t - a potion of magic
Comestibles
 c - 7 rations


   Skills:
 + Level 6.9 Fighting
 - Level 3.0 Dodging
 - Level 2.0 Stealth
 * Level 2.6 Shields
 - Level 5.0 Spellcasting
 - Level 6.0 Conjurations
 - Level 2.0 Charms
 - Level 0.1 Fire Magic
 + Level 7.1 Air Magic


You had 7 spell levels left.
You knew the following spells:

 Your Spells              Type           Power        Failure   Level  Hunger
a - Shock                 Conj/Air       ####         1%          1    None
b - Swiftness             Chrm/Air       ###.....     3%          2    #......
c - Static Discharge      Conj/Air       ####....     3%          3    ##.....
d - Airstrike             Air            ####......   9%          4    ####...
e - Flame Tongue          Conj/Fire      ###..        4%          1    None

Your spell library contained the following spells:

 Spells                   Type           Power        Failure   Level  Hunger
 Apportation              Tloc           #.....       16%         1    None
 Lightning Bolt           Conj/Air       ####......   28%         5    ######.
 Summon Small Mammal      Summ           #...         16%         1    None
 Animate Skeleton         Necr           N/A          16%         1    None
 Confusing Touch          Hex            #.....       16%         1    None


Dungeon Overview and Level Annotations

Branches:
Dungeon (7/15)             Temple (0/1) D:5

Altars:
Ashenzari
Dithmenos
Elyvilon
Fedhas
Hepliaklqana
Kikubaaqudgha
Nemelex Xobeh
Okawaru
Uskayaw
Vehumet

Annotations:
D:5 1 runed door


Innate Abilities, Weirdness & Mutations

You have a beak for a mouth.
You have claws for feet.
You can fly.


Message History

The air twists around and violently strikes the killer bee!
You kill the killer bee!
Vehumet accepts your kill. Something barely misses you. Something hits you!
Deactivating autopickup; reactivate with Ctrl-A.
You hit something. Your peck misses something.
Something hits you but does no damage. Something hits you.
You closely miss something. You claw something! Something hits you. x2
The iguana bites you!
You miss something. Something hits you. Something hits you!
* * * LOW HITPOINT WARNING * * *
You block the iguana's attack. Something hits you but does no damage.
You miss something. Something hits you.
* * * LOW HITPOINT WARNING * * *
The iguana closely misses you. The iguana bites you!
* * * LOW HITPOINT WARNING * * *
Something hits you.
You die...

######### . ## #.......#
..##.###.#####.# .......#.# #.#
### .......#.#####.# #..
........l....##.# #.#
.........#.##.##.# #l# .{
.......#@##.##.## #.##$#
###.####........# .....# #
#........# #.# ##+## #........#
#.# ##...###..#.###.# ..#
##.....##<.#...#.# #.##
##.......#..###.#.#
...####.................########
......'..[......................


You could see an iguana.

Vanquished Creatures
  The ghost of GoodDemon3 the Insei, a novice OpWr of Cheibriados (D:6)
  Sigmund (D:3)
  An ice beast (D:6)
  A sky beast (D:4)
  An orc warrior (D:5)
  An ogre (D:5)
  A bullfrog (D:7)
  6 killer bees
  3 wights (D:6)
  5 hounds
  A jelly (D:5)
  A gnoll shaman (D:4)
  An orc wizard (D:6)
  An iguana (D:4)
  3 worker ants
  A hound skeleton (D:4)
  A worker ant zombie (D:6)
  6 gnolls
  7 adders
  7 river rats (Sewer)
  3 oozes (D:4)
  5 worms
  An adder skeleton (D:7)
  3 dart slugs (D:1)
  4 leopard geckos
  10 orcs
  3 ball pythons (Sewer)
  4 giant cockroaches
  8 hobgoblins
  8 jackals
  4 quokkas
  12 bats
  8 frilled lizards
  11 goblins
  9 kobolds
  15 rats
158 creatures vanquished.

Notes
Turn   | Place    | Note
-------+----------+-------------------------------------------
     0 | D:1      | CanOfBees the Tengu Air Elementalist began the quest for the Orb.
     0 | D:1      | Reached XP level 1. HP: 10/10 MP: 4/4
   185 | D:1      | Reached XP level 2. HP: 15/15 MP: 1/6
   337 | D:1      | Learned a level 2 spell: Swiftness
   854 | D:1      | Reached XP level 3. HP: 19/19 MP: 4/7
  1050 | D:1      | Learned a level 3 spell: Static Discharge
  1860 | D:2      | Reached skill level 1 in Fighting
  2262 | D:2      | Reached XP level 4. HP: 25/25 MP: 0/9
  2354 | D:2      | Found a shattered altar of Ashenzari.
  2405 | D:2      | Found a faded altar of an unknown god.
  3233 | D:2      | Learned a level 3 spell: Static Discharge
  3336 | D:3      | Noticed Sigmund
  3368 | D:3      | Found a shadowy altar of Dithmenos.
  3974 | D:3      | Killed Sigmund
  3974 | D:3      | Gained mutation: You can fly. [Tengu growth]
  3974 | D:3      | Reached XP level 5. HP: 17/32 MP: 6/11
  3974 | D:3      | Reached XP level 6. HP: 19/36 MP: 6/12
  4442 | D:4      | Found a blossoming altar of Fedhas.
  4637 | D:4      | Found a radiant altar of Vehumet.
  4680 | D:4      | Became a worshipper of Vehumet
  4767 | D:4      | Found an ancient bone altar of Kikubaaqudgha.
  4789 | D:4      | Found a glowing drain.
  4796 | D:4      | Learned a level 4 spell: Airstrike
  4828 | Sewer    | Entered a sewer
  5205 | Sewer    | Reached skill level 1 in Charms
  5224 | Sewer    | Reached * piety under Vehumet
  5224 | Sewer    | Offered knowledge of Flame Tongue by Vehumet.
  5239 | Sewer    | Learned a level 1 spell: Flame Tongue
  5957 | D:4      | Reached XP level 7. HP: 31/43 MP: 9/13
  6595 | D:4      | Found a hide-covered altar of Uskayaw.
  7093 | D:5      | Entered Level 5 of the Dungeon
  7753 | D:5      | Reached skill level 5 in Fighting
  8043 | D:5      | Found a sparkling altar of Nemelex Xobeh.
  8089 | D:5      | Reached XP level 8. HP: 48/49 MP: 9/16
  8191 | D:5      | Found a staircase to the Ecumenical Temple.
  8347 | D:5      | Found a runed door.
  8405 | D:6      | Reached ** piety under Vehumet
  8405 | D:6      | Offered knowledge of Throw Frost by Vehumet.
  8407 | D:6      | Reached skill level 5 in Spellcasting
  8721 | D:6      | Reached skill level 5 in Air Magic
  9346 | D:6      | Found a hazy altar of Hepliaklqana.
  9381 | D:6      | Found an iron altar of Okawaru.
  9459 | D:6      | Noticed GoodDemon3's ghost (novice OpWr)
  9474 | D:6      | Killed GoodDemon3's ghost
  9474 | D:6      | Reached skill level 5 in Conjurations
  9474 | D:6      | Reached skill level 6 in Air Magic
 10056 | D:6      | Found a white marble altar of Elyvilon.
 10247 | D:7      | Reached skill level 1 in Shields
 10308 | D:7      | Reached XP level 9. HP: 37/56 MP: 4/17
 10845 | D:6      | Reached skill level 7 in Air Magic
 11271 | D:7      | Slain by an unseen horror

Vault maps used:
D:1:      nzn_arrival_crosshair
D:2:      nicolae_overflow_crystal_walls, first_ration,
          chequers_ecumenical_altar_island
D:3:      lemuel_crystal_altar, corexii_shack, uniq_sigmund
D:4:      kennysheep_mini_moat, kiku_gazebo_pond_becter, kennysheep_mini,
          vehumet_crystals, cheibrodos_sewer_entry_sluice, grunt_ministairs_3,
          st_stairs_5
D:5:      old_standard_altar, minmay_temple_entry_fiery, uniq_crazy_yiuf_cottage
D:6:      nicolae_overflow_hidden_temple, elyvilon_altar_5, lemuel_doored_altar
D:7:      led_sif_pool, overflow_temple_1_default, uniq_menkaure
Sewer:    sewer_co_cracked_pipes

Skill      XL: |  1  2  3  4  5  6  7  8  9 |
---------------+----------------------------+-----
Conjurations   | 2 4 5 6 |  6.0
Dodging        | 3 |  3.0
Fighting       | 1 2 4 5 6 |  6.9
Spellcasting   | 3 4 5 |  5.0
Charms         | 1 2 |  2.0
Air Magic      | 6 7 |  7.1
Shields        | 1 2 |  2.6
Stealth        | |  2.0
Fire Magic     | |  0.1

Action                   |  1- 3 |  4- 6 |  7- 9 || total
-------------------------+-------+-------+-------++-------
Melee: Kick              |     1 |     6 |    18 ||    25
       Short sword       |     1 |       |       ||     1
       Long sword        |       |    22 |    42 ||    64
       Peck              |       |     5 |     5 ||    10
Throw: Javelin           |       |       |     1 ||     1
 Cast: Shock             |    95 |   113 |    97 ||   305
       Static Discharge  |     1 |    17 |    24 ||    42
       Airstrike         |       |       |    15 ||    15
       Flame Tongue      |       |       |     3 ||     3
 Abil: Fly               |       |     1 |     3 ||     4
Evoke: Wand              |       |     2 |     7 ||     9
  Use: Scroll            |       |     7 |    11 ||    18
       Potion            |       |     1 |     6 ||     7
  Eat: Chunk             |     4 |    15 |     6 ||    25
       Ration            |       |       |     5 ||     5
Armor: Robe              |     8 |     4 |    16 ||    28
Dodge: Dodged            |    27 |    39 |    87 ||   153
Block: Buckler           |       |       |     9 ||     9
       Rpst.: Long sword |       |    13 |    20 ||    33

Table legend:
 A = Spawn XP
 B = Non-spawn XP
 C = Spawn XP percentage of total XP
 D = Spawn monster count
 E = Non-spawn monster count
 F = Spawn count percentage of total count
 G = Total turns spent on level
                    A         B        C        D         E        F      G
               +---------+---------+-------+---------+---------+-------+---------
         Total |       0 |    2783 |   0.0 |       0 |     158 |   0.0 | 11271
               +---------+---------+-------+---------+---------+-------+---------
           D:1 |       0 |      65 |   0.0 |       0 |      31 |   0.0 |  2029
           D:2 |       0 |      52 |   0.0 |       0 |      20 |   0.0 |  1375
           D:3 |       0 |     261 |   0.0 |       0 |      17 |   0.0 |   982
           D:4 |       0 |     494 |   0.0 |       0 |      32 |   0.0 |  2097
           D:5 |       0 |     418 |   0.0 |       0 |       9 |   0.0 |  1956
           D:6 |       0 |    1097 |   0.0 |       0 |      20 |   0.0 |  1667
           D:7 |       0 |     272 |   0.0 |       0 |       5 |   0.0 |   242
         Sewer |       0 |     124 |   0.0 |       0 |      24 |   0.0 |   923
               +---------+---------+-------+---------+---------+-------+---------
